 Dungeon Crawl Stone Soup version 0.18-a0-1685-g4482fe3 (webtiles) character file.

32038 Eucla the Grappler (level 13, -13/136 HPs)
             Began as a Troll Transmuter on Apr 3, 2016.
             Was the Champion of Cheibriados.
             Killed from afar by a sheep (23 damage)
             ... with an exploding inner flame
             ... hexed by the player character
             ... on level 6 of the Lair of Beasts.
             The game lasted 00:38:49 (14498 turns).

Eucla the Grappler (Troll Transmuter)              Turns: 14498, Time: 00:38:50

Health: -13/136    AC:  6    Str: 36    XL:     13   Next: 29%
Magic:  0/22       EV: 20    Int: 31    God:    Cheibriados [******]
Gold:   541        SH:  0    Dex: 27    Spells: 4 memorised, 0 levels left

rFire  + . .     SeeInvis .       - Unarmed
rCold  + . .     Gourm    +     b - +0 robe
rNeg   . . .     Faith    .     (shield currently unavailable)
rPois  +         Spirit   +     (helmet restricted)
rElec  +         Dismiss  .     V - +0 cloak
rCorr  +         Reflect  .     (gloves unavailable)
SustAt .         Harm     .     (boots unavailable)
MR     .....                    z - amulet of guardian spirit
Stlth  ++........               F - ring of wizardry (curse)
                                s - ring of magical power

@: brilliant, blade hands (expiring), resistant, very slightly contaminated,
very slow, not resistant to hostile enchantments, unstealthy
A: unfitting armour, claws 3, fast metabolism 3, gourmand, regeneration 2,
robust 1, shaggy fur 1, tough skin 2
a: End Transformation, Bend Time, Temporal Distortion, Slouch, Step From Time,
Renounce Religion


You were on level 6 of the Lair of Beasts.
You worshipped Cheibriados.
Cheibriados was exalted by your worship.
You were not hungry.
You had blades for hands.
You visited 3 branches of the dungeon, and saw 17 of its levels.

You collected 1140 gold pieces.
You spent 599 gold pieces at shops.

Inventory:

Missiles
 a - 138 arrows
 y - 10 arrows of flame
 H - 5 arrows of frost
Armour
 b - a +0 robe (worn)
 p - a +2 shield of reflection
 V - a +0 cloak (worn)
Jewellery
 f - an uncursed ring of protection from cold {unknown}
 g - an uncursed ring of magical power
 q - a +2 amulet of reflection
 s - a ring of magical power (left scythe-like blade)
 z - an amulet of guardian spirit (around neck)
 A - a +2 ring of dexterity {unknown}
 F - a cursed ring of wizardry (right scythe-like blade)
 P - an uncursed ring of ice
Wands
 i - a wand of confusion (29/48)
 u - a wand of iceblast (0/15)
 x - a wand of enslavement (9/24)
 C - a wand of slowing (7/48)
 I - a wand of random effects (19/48)
 L - a wand of digging (10/24)
 W - a wand of lightning (6/15)
Scrolls
 e - 5 scrolls of remove curse
 h - 4 scrolls of magic mapping
 t - a scroll of enchant weapon
 E - a scroll of identify
 J - 2 scrolls of amnesia
 N - a scroll of recharging
 Q - a scroll of torment
 S - a scroll of vulnerability {unknown}
Potions
 j - 4 potions of degeneration
 k - a potion of berserk rage
 m - 3 potions of brilliance
 n - a potion of resistance
 r - 3 potions of flight
 v - 2 potions of agility
 G - 2 potions of cure mutation
 T - 2 potions of curing
Books
 c - a book of Changes

   Spells                             Type                      Level
   a - Beastly Appendage              Transmutation                1
   b - Sticks to Snakes               Transmutation                2
   c - Spider Form                    Transmutation/Poison         3
   d - Ice Form                       Ice/Transmutation            4
   e - Blade Hands                    Transmutation                5
 w - a Young Poisoner's Handbook

   Spells                             Type                      Level
   a - Sting                          Conjuration/Poison           1
   b - Cure Poison                    Poison                       2
   c - Mephitic Cloud                 Conjuration/Poison/Air       3
   d - Olgreb's Toxic Radiance        Poison                       4
   e - Venom Bolt                     Conjuration/Poison           5
 D - a book of the Tempests

   Spells                             Type                      Level
   a - Static Discharge               Conjuration/Air              3
   b - Lightning Bolt                 Conjuration/Air              5
   c - Fireball                       Conjuration/Fire             5
   d - Tornado                        Air                          9
   e - Shatter                        Earth                        9
 O - a book of Burglary

   Spells                             Type                      Level
   a - Swiftness                      Charms/Air                   2
   b - Passwall                       Transmutation/Earth          2
   c - Passage of Golubria            Translocation                4
   d - Lee's Rapid Deconstruction     Earth                        5
   e - Darkness                       Hexes                        6
   f - Invisibility                   Hexes                        6
 R - a book of Beasts

   Spells                             Type                      Level
   a - Summon Butterflies             Summoning                    1
   b - Call Canine Familiar           Summoning                    3
   c - Summon Ice Beast               Ice/Summoning                4
   d - Summon Mana Viper              Hexes/Summoning              5
   e - Summon Hydra                   Summoning                    7
Comestibles
 d - 6 bread rations
 l - 3 meat rations
 B - a beef jerky
 K - 22 fruits
 U - a slice of pizza


   Skills:
 * Level 7.5 Fighting
 + Level 9.8 Dodging
 + Level 12.7 Unarmed Combat
 - Level 1.2 Spellcasting
 + Level 0.3 Translocations
 - Level 8.1 Transmutations
 - Level 5.6 Ice Magic


You couldn't memorise any spells.
You knew the following spells:

 Your Spells              Type           Power        Failure   Level  Hunger
a - Blade Hands           Trmt           ######....   6%          5    ######.
b - Ice Form              Ice/Trmt       ######..     4%          4    #####..
c - Summon Butterflies    Summ           ###.....     6%          1    #......
d - Passage of Golubria   Tloc           N/A          30%         4    #####..


Dungeon Overview and Level Annotations

Branches:
Dungeon (10/15)            Temple (1/1) D:4            Lair (6/8) D:8
  Swamp (0/4) Lair:5       Spider (0/4) Lair:3
  Slime: Lair:6-8       Orc: D:9-12

Altars:
Ashenzari
Cheibriados
Dithmenos
Elyvilon
Fedhas
Gozag
Kikubaaqudgha
Makhleb
Nemelex Xobeh
Okawaru
Pakellas
Qazlal
Ru
Sif Muna
Trog
Vehumet
Xom
Yredelemnul
Zin
The Shining One

Shops:
D:6 !   D:7 =   D:10 !

Annotations:
Lair:1 exclusion: 2 oklob plants


Innate Abilities, Weirdness & Mutations

You are too large for most types of armour.
You have claws for hands.
Your metabolism is lightning-fast.
You like to eat raw meat.
You heal very quickly.
You are covered in fur (AC +1).
You have very tough skin (AC +2).
You are robust (+10% HP).


Message History

Unknown command.
You slash the sheep!
The sheep is heavily wounded.
The blink frog hits you!
* * * LOW HITPOINT WARNING * * *
The blink frog blinks!
The blink frog hits you.
* * * LOW HITPOINT WARNING * * *
The griffon misses you. x2
The griffon claws you but does no damage.
The sheep misses you.
You slice the sheep!!
The sheep explodes!
The fiery explosion engulfs the sheep.
The sheep explodes!
The fiery explosion engulfs the death yak.
The death yak is severely wounded.
The fiery explosion engulfs the death yak.
The death yak is severely wounded.
The fiery explosion engulfs you! You resist.
You die...

....................##.....##
..##.......P..#....#.##....#
#...#..P.#..........#...#
.........#.#.............###
...........................#
....#..............F....P###
P...........§§........##
....P.H§F..###..##
...P.Y§@Y.## ####


....YYYYtF# .......Y...# ............. ...v..≈≈....... .....≈≈≈≈........
.....≈≈≈≈.......# .....≈≈≈≈≈....... ...≈≈≈≈≈......# You could see 5 death yaks,
a griffon (inner flame), a spatial vortex, 3 blink frogs, a crocodile (inner
flame) and 2 sheep.

Vanquished Creatures
  The ghost of archl the Bludgeoner, a journeyman OgBe of Trog (Lair:4)
  3 hydras
  A catoblepas (Lair:5)
  7 death yaks
  The ghost of edsrzf the Covert, a novice OpAs of Cheibriados (D:7)
  5 elephants (Lair:5)
  2 black mambas
  8 spiny frogs
  A rime drake (Lair:5)
  6 komodo dragons
  A polar bear (Lair:4)
  Grinder (D:6)
  7 blink frogs
  A boulder beetle (Lair:3)
  31 yaks
  3 wyverns
  A basilisk (Lair:1)
  4 hippogriffs
  A hungry ghost (D:9)
  15 porcupines
  8 water moccasins
  An orc warrior (D:8)
  3 sky beasts
  3 ice beasts
  A black bear (D:7)
  4 ogres
  13 crocodiles
  2 phantoms
  5 centaurs
  4 wolves (Lair:5)
  Blork the orc (D:4)
  15 giant frogs
  A gnoll sergeant (D:7)
  A wyvern zombie (D:10)
  9 scorpions
  4 killer bees (D:7)
  An electric eel (Lair:5)
  3 wights (D:7)
  6 howler monkeys (D:8)
  5 crimson imps
  4 giant frog zombies
  A centaur zombie (D:9)
  2 hounds
  3 jellies
  3 orc priests
  A centaur skeleton (D:10)
  3 giant frog skeletons
  6 orc wizards
  A gnoll shaman (D:6)
  11 worker ants
  12 iguanas
  4 sheep (Lair:6)
  2 hound zombies
  A hound skeleton (D:6)
  13 gnolls
  A howler monkey skeleton (D:5)
  16 adders
  43 river rats
  A shadow imp (D:9)
  2 oozes (D:3)
  An adder zombie (D:9)
  An adder skeleton (D:5)
  4 worms
  3 dart slugs
  10 giant geckos
  32 orcs
  2 ball pythons
  13 giant cockroaches
  4 goblins
  7 hobgoblins
  12 jackals
  4 quokkas
  11 bats
  A giant gecko zombie (D:6)
  4 giant newts
  8 kobolds
  9 rats
  A fungus (Lair:3)
  A plant (Lair:3)
448 creatures vanquished.

Vanquished Creatures (others)
  A yak (D:8)
  A big kobold (D:8)
  A giant frog (D:8)
  A scorpion (Lair:3)
  A worker ant (Lair:3)
  A bat (D:2)
  7 fungi
  4 plants
17 creatures vanquished.

Grand Total: 465 creatures vanquished

Notes
Turn   | Place    | Note
--------------------------------------------------------------
     0 | D:1      | Eucla the Troll Transmuter began the quest for the Orb.
     0 | D:1      | Reached XP level 1. HP: 18/18 MP: 1/1
    73 | D:1      | Reached XP level 2. HP: 26/26 MP: 2/2
   378 | D:1      | Reached skill level 4 in Unarmed Combat
   585 | D:1      | Reached XP level 3. HP: 32/32 MP: 3/3
  1106 | D:2      | Reached XP level 4. HP: 31/40 MP: 4/4
  1623 | D:3      | Learned a level 4 spell: Ice Form
  1885 | D:3      | Reached skill level 5 in Unarmed Combat
  2172 | D:3      | Reached XP level 5. HP: 40/46 MP: 5/5
  2616 | D:4      | Found a staircase to the Ecumenical Temple.
  2630 | Temple   | Entered the Ecumenical Temple
  2839 | D:4      | Found an oddly glowing altar of Pakellas.
  2999 | D:4      | Noticed Blork the orc
  3012 | D:4      | Killed Blork the orc
  3012 | D:4      | Reached skill level 6 in Unarmed Combat
  3012 | D:4      | Reached XP level 6. HP: 28/54 MP: 6/6
  3189 | D:5      | Entered Level 5 of the Dungeon
  3195 | D:5      | Noticed a sky beast
  3207 | D:5      | Killed a sky beast
  3220 | D:5      | Gained mutation: You are robust (+10% HP). [mutagenic meat]
  3242 | D:5      | Reached XP level 7. HP: 38/67 MP: 7/7
  3410 | D:5      | Reached skill level 7 in Unarmed Combat
  3644 | D:5      | Found a radiant altar of Vehumet.
  4048 | D:6      | Reached skill level 8 in Unarmed Combat
  4173 | D:6      | Reached XP level 8. HP: 57/74 MP: 8/8
  4193 | D:6      | Found Eliwkew's Distillery.
  4305 | D:6      | Found a glowing drain.
  4369 | D:6      | Noticed Grinder
  4392 | D:6      | Paralysed by Grinder for 7 turns
  4405 | D:6      | Killed Grinder
  4431 | D:6      | Reached skill level 9 in Unarmed Combat
  4434 | D:6      | Reached skill level 5 in Dodging
  4620 | D:6      | Bought a potion of berserk rage for 65 gold pieces
  4620 | D:6      | Bought a potion of brilliance for 52 gold pieces
  4620 | D:6      | Bought a potion of flight for 39 gold pieces
  4620 | D:6      | Bought a potion of agility for 52 gold pieces
  4620 | D:6      | Bought a potion of degeneration for 13 gold pieces
  5318 | D:7      | Reached skill level 10 in Unarmed Combat
  5329 | D:7      | Noticed edsrzf's ghost (novice OpAs)
  5429 | D:7      | Killed edsrzf's ghost
  5429 | D:7      | Reached XP level 9. HP: 82/82 MP: 9/9
  5647 | D:7      | Reached skill level 11 in Unarmed Combat
  6025 | D:7      | Found Ysieriv's Jewellery Shop.
  6152 | D:7      | Reached skill level 1 in Ice Magic
  6514 | D:8      | Reached XP level 10. HP: 90/91 MP: 10/10
  6925 | D:8      | Found a blossoming altar of Fedhas.
  7021 | D:8      | Found a staircase to the Lair.
  7059 | D:8      | Found a shimmering altar of Xom.
  7120 | D:8      | Found a glowing golden altar of the Shining One.
  7121 | D:8      | Found a shadowy altar of Dithmenos.
  7121 | D:8      | Found a glowing silver altar of Zin.
  7121 | D:8      | Found a blossoming altar of Fedhas.
  7124 | D:8      | Found a shattered altar of Ashenzari.
  7717 | D:9      | Reached skill level 5 in Transmutations
  8047 | D:9      | Found a snail-covered altar of Cheibriados.
  8062 | D:9      | Became a worshipper of Cheibriados the Contemplative
  8168 | Lair:1   | Entered Level 1 of the Lair of Beasts
  8169 | Lair:1   | Noticed a spiny frog
  8177 | Lair:1   | Killed a spiny frog
  8398 | Lair:1   | Reached * piety under Cheibriados
  8581 | Lair:1   | Reached XP level 11. HP: 97/97 MP: 11/11
  8683 | Lair:1   | Reached skill level 5 in Ice Magic
  8957 | Lair:1   | Noticed an oklob plant
  8957 | Lair:1   | Noticed an oklob plant
  9150 | Lair:2   | Noticed a five-headed hydra
  9237 | D:10     | Entered Level 10 of the Dungeon
  9275 | D:10     | Reached ** piety under Cheibriados
  9362 | D:10     | Found Utuimp's Distillery.
  9505 | D:10     | Identified a scroll of acquirement
  9543 | D:10     | Reached skill level 1 in Fighting
  9739 | D:7      | Bought a cursed ring of wizardry for 378 gold pieces
  9747 | D:7      | Learned a level 5 spell: Blade Hands
  9749 | D:7      | Learned a level 1 spell: Summon Butterflies
 10024 | Lair:2   | Reached *** piety under Cheibriados
 10033 | Lair:2   | Killed a five-headed hydra
 10052 | Lair:3   | Noticed a death yak
 10057 | Lair:3   | Noticed a death yak
 10057 | Lair:3   | Noticed a death yak
 10671 | Lair:3   | Reached **** piety under Cheibriados
 10826 | Lair:3   | Found a hole to the Spider Nest.
 11058 | Lair:3   | Noticed a death yak
 11066 | Lair:3   | Killed a death yak
 11066 | Lair:3   | Reached XP level 12. HP: 76/115 MP: 11/12
 11067 | Lair:3   | Noticed a death yak
 11070 | Lair:3   | Noticed a death yak
 11509 | Lair:2   | Killed a death yak
 11632 | Lair:3   | Killed a death yak
 11639 | Lair:3   | Killed a death yak
 11647 | Lair:3   | Killed a death yak
 11647 | Lair:3   | Reached skill level 12 in Unarmed Combat
 11654 | Lair:3   | Killed a death yak
 11991 | Lair:3   | Noticed a six-headed hydra
 11999 | Lair:3   | Killed a six-headed hydra
 11999 | Lair:3   | Reached skill level 5 in Fighting
 12233 | Lair:4   | Reached ***** piety under Cheibriados
 12247 | Lair:4   | Noticed archl's ghost (journeyman OgBe)
 12262 | Lair:4   | Killed archl's ghost
 12816 | Lair:5   | Noticed a six-headed hydra
 12821 | Lair:5   | Killed a nine-headed hydra
 13051 | Lair:5   | Found a staircase to the Swamp.
 13091 | Lair:5   | Noticed a catoblepas
 13108 | Lair:5   | Killed a catoblepas
 13347 | Lair:5   | Reached XP level 13. HP: 116/135 MP: 13/13
 14347 | Lair:6   | Reached ****** piety under Cheibriados
 14435 | Lair:6   | Learned a level 4 spell: Passage of Golubria
 14498 | Lair:6   | Killed from afar by a sheep

Vault maps used:
D:1:      eino_arrival_cavern_a, minmay_misc_feat_four_crosses,
          minmay_strange_pillars, dk_noncrumbling_3
D:2:      lemuel_flame_loot_1
D:3:      hex_intersection
D:4:      nicolae_overflow_hidden_temple, minmay_temple_entry_glass,
          uniq_blork_the_orc
D:5:      nicolae_overflow_crystal_walls, first_bread,
          kennysheep_generic_room_15
D:6:      gup_sewer_entry_bowl, serial_shops, kennysheep_mini_moat,
          nrook_loot_triangle, uniq_grinder, uniq_edmund
D:7:      serial_shops, nicolae_shop_competitors_out_of_business
D:8:      minitemple, david_lair_shrubbed, hangedman_tree_tricks,
          xom_confusion_cloud
D:9:      cheibriados_altar_wand_db
D:10:     serial_shops, shop_statue
Temple:   zaba_magenta_temple_12
Lair:1:   dpeg_oklob_gauntlet, grunt_megastairs_1
Lair:3:   nicolae_spider_entry_non_spiders
Lair:4:   minmay_holes
Lair:5:   swamp_mist_pool, beast_lair_carwin_1, grunt_megastairs_2
Lair:6:   lemuel_old_faithful, grunt_megastairs_5

Skill      XL: |  1  2  3  4  5  6  7  8  9 10 11 12 13 |
---------------+----------------------------------------+-----
Unarmed Combat | 4 5 6 8 10 11 12 | 12.7
Dodging        | 2 3 4 6 7 8 9 |  9.8
Transmutations | 3 5 7 8 |  8.1
Ice Magic      | 1 4 5 |  5.6
Fighting       | 3 6 7 |  7.5
Spellcasting   | |  1.2
Translocations | |  0.3

Action                   |  1- 3 |  4- 6 |  7- 9 | 10-12 | 13-15 || total
-------------------------+-------+-------+-------+-------+-------++-------
Melee: Unarmed           |    99 |   169 |   363 |   743 |   103 ||  1477
 Cast: Ice Form          |       |       |       |    10 |       ||    10
       Blade Hands       |       |       |       |     8 |     2 ||    10
Evoke: Wand              |       |       |     1 |     2 |       ||     3
  Use: Scroll            |       |       |    14 |    12 |     1 ||    27
       Potion            |       |       |     1 |     9 |     6 ||    16
 Stab: Sleeping          |       |     1 |     1 |    10 |     1 ||    13
       Distracted        |       |       |       |     1 |       ||     1
  Eat: Chunk             |    16 |    18 |    27 |    44 |     2 ||   107
       Beef jerky        |       |       |     2 |     4 |       ||     6
       Fruit             |       |       |     2 |     1 |       ||     3
       Royal jelly       |       |       |       |     1 |       ||     1
       Pizza             |       |       |       |     1 |       ||     1
